Map: Lerilak Crest

Players

Knives

  • Race: Terran Terran

Grumm - Winner!

  • Race: Protoss Protoss
  • League: Gold

VOD

Have the link to the VOD?

Description

Time

  • Played on: Feb. 5, 2016, 6:45 p.m.
  • Length: 7:42
Show
View Real Time Build Order
Export as new Build Order

Knives Terran 

Build Orders: Reaper Expand 

Get SALT Encoding   

  12  0:01  SCV  
  13  0:13  SCV  
  14  0:18  Supply Depot  
  14  0:25  SCV  
  15  0:40  SCV  
  15  0:41  Barracks  
  16  0:46  Refinery  
  16  0:52  SCV  
  17  1:04  SCV  
  18  1:16  SCV  
  19  1:29  Reaper  
  19  1:30  Orbital Command  
  20  1:47  Supply Depot  
  20  1:54  Command Center  
  20  2:01  Marine  
  22  2:08  SCV  
  22  2:15  Factory  
  22  2:18  Marine  
  22  2:20  SCV  
  24  2:36  Marine  
  25  2:40  SCV  
  25  2:44  Refinery  
  26  2:54  SCV  
  26  3:02  Barracks Tech Lab  
  26  3:06  Starport  
  26  3:17  Bunker  
  26  3:20  Supply Depot, SCV  
  27  3:32  SCV  
  27  3:33  Orbital Command  
  28  3:36  Barracks Tech Lab  
  28  3:41  Engineering Bay  
  28  3:42  Siege Tank  
  28  3:44  SCV  
  28  3:45  Engineering Bay  
  32  3:49  Supply Depot  
  32  3:56  SCV  
  32  3:57  Refinery  
  32  3:59  SCV  
  34  4:15  Siege Tank  
  37  4:23  Banshee  
  40  4:28  Barracks Tech Lab, SCV  
  41  4:35  SCV  
  42  4:40  SCV  
  42  4:41  Refinery  
  42  4:44  Cloaking Field  
  43  4:47  SCV  
  43  4:51  Marine  
  45  4:53  Stimpack  
  45  4:54  SCV  
  45  4:59  SCV  
  47  5:02  Barracks  
  47  5:07  Barracks  
  50  5:15  Medivac, Marine  
  50  5:16  Siege Tank  
  53  5:21  SCV  
  53  5:22  SCV  
  55  5:33  SCV  
  55  5:34  SCV  
  45  5:48  Marine  
  34  6:03  SCV x2  
  34  6:13  Missile Turret  
  34  6:15  Banshee, SCV x2  
  39  6:27  SCV x2  
  41  6:37  Barracks Reactor  
  41  6:38  Barracks Reactor  
  41  6:39  SCV x2  
  43  6:51  SCV  
  43  6:52  SCV  
  45  7:14  Marine x3  
Show
View Real Time Build Order
Export as new Build Order

Grumm Protoss - Winner!

Build Orders:  

Get SALT Encoding   

  12  0:01  Probe (Chrono Boost)  
  13  0:12  Probe (Chrono Boost)  
  14  0:19  Pylon  
  14  0:22  Probe (Chrono Boost)  
  15  0:37  Probe (Chrono Boost)  
  15  0:38  Gateway  
  16  0:45  Assimilator  
  16  0:48  Probe (Chrono Boost)  
  17  0:58  Probe (Chrono Boost)  
  18  1:09  Probe (Chrono Boost)  
  19  1:18  Forge  
  19  1:19  Probe (Chrono Boost)  
  20  1:26  Cybernetics Core  
  20  1:28  Pylon  
  20  1:30  Probe (Chrono Boost)  
  21  1:41  Probe (Chrono Boost)  
  21  1:46  Assimilator  
  22  2:09  Nexus  
  22  2:12  Mothership Core (Chrono Boost)  
  23  2:18  Adept  
  25  2:31  Pylon  
  25  2:46  Photon Cannon  
  25  3:00  Probe (Chrono Boost)  
  25  3:03  Stargate  
  26  3:11  Stargate  
  26  3:14  Gateway  
  26  3:22  Probe x2 (Chrono Boost)  
  28  3:32  Pylon  
  28  3:45  Photon Cannon  
  28  3:58  Probe (Chrono Boost)  
  28  4:01  Oracle  
  32  4:04  Oracle  
  32  4:09  Probe (Chrono Boost)  
  36  4:11  Assimilator  
  36  4:27  Probe (Chrono Boost)  
  35  4:32  Warp Gate (Chrono Boost)  
  35  4:36  Stalker  
  35  4:37  Stalker  
  39  4:55  Probe  
  39  4:57  Probe  
  41  5:01  Assimilator  
  41  5:06  Probe  
  41  5:07  Pylon  
  41  5:09  Probe  
  41  5:14  Gateway  
  43  5:18  Gateway  
  43  5:42  Probe  
  43  5:43  Probe  
  44  5:52  Probe  
  44  5:55  Probe  
  45  6:03  Probe  
  42  6:06  Photon Cannon  
  42  6:10  Photon Cannon  
  43  6:17  Void Ray x2  
  51  6:36  Twilight Council  
  51  6:38  Pylon  
  51  6:42  Pylon  
  51  6:53  Adept x2  
  55  7:34  Pylon  
Tags
 
Add a new tag
Caveats
  • Supply blocks, unpowered buildings, or Contaminate may cause inaccurate times.
  • Supply counts are checked every 10 seconds.